 Dungeon Crawl Stone Soup version 0.30-a0-776-g08fbeb92c1 (webtiles) character file.

Game seed: 6965535844204274265

2118 Lavandula the Slicer (level 9, -1/50 (63) HPs)
             Began as a Human Monk on Feb 13, 2023.
             Was a Believer of Elyvilon.
             Slain by a wight
             ... wielding a +0 long sword
              (4 damage)
             ... on level 7 of the Dungeon.
             The game lasted 00:13:47 (6296 turns).

Lavandula the Slicer (Human Monk)                   Turns: 6296, Time: 00:13:48

HP:   -1/50 (63)    AC: 11    Str: 17    XL:     9   Next: 54%
MP:   12/14         EV: 10    Int: 18    God:    Elyvilon [**....]
Gold: 423           SH:  0    Dex: 15    Spells: 8/8 levels left

rFire   . . .      SeeInvis .    a - +0 falchion
rCold   . . .      Faith    .    (no shield)
rNeg    . . .      Spirit   .    l - +0 scale mail
rPois   .          Reflect  .    (no helmet)
rElec   .          Harm     .    c - +0 cloak
rCorr   .          Rampage  .    (no gloves)
Will    .....                    (no boots)
Stlth   +                        (no amulet)
HPRegen 0.28/turn                v - +4 ring of protection
MPRegen 0.14/turn                b - ring of Leej {Str+2 Int+6}

@: heavily drained
A: no striking features
a: Renounce Religion, Purification, Heal Other


You were on level 7 of the Dungeon.
You worshipped Elyvilon.
Elyvilon was pleased with you.
You visited 2 branches of the dungeon, and saw 8 of its levels.
You also visited: Sewer.

You collected 462 gold pieces.
You donated 39 gold pieces to Zin.

Inventory:

Hand Weapons
 a - a +0 falchion (weapon)
 m - a +0 dagger of venom
Missiles
 x - 11 poisoned darts (quivered)
Armour
 c - a +0 cloak (worn)
 g - a +0 ring mail
 i - a +0 kite shield
 j - a +0 plate armour
 l - a +0 scale mail (worn)
Jewellery
 b - the ring of Leej (right hand) {Str+2 Int+6}
   (You took it off an orc on level 6 of the Dungeon)

   [ring of intelligence]

   Str:       It affects your strength (+2).
   Int:       It affects your intelligence (+6).
 v - a +4 ring of protection (left hand)
Wands
 p - a wand of roots (2)
 E - a wand of charming (1)
Scrolls
 d - a scroll of enchant weapon {unknown}
 e - 3 scrolls of vulnerability
 h - 2 scrolls of enchant armour
 q - a scroll of acquirement {unknown}
 s - 2 scrolls of amnesia
 C - 2 scrolls of poison
Potions
 f - 3 potions of curing {unknown}
 k - a potion of lignification
 n - 2 potions of berserk rage
 o - 2 potions of brilliance {unknown}
 r - 2 potions of attraction {unknown}
 t - a potion of degeneration {unknown}
 u - a potion of might
 z - a potion of mutation {unknown}
 A - a potion of flight {unknown}


   Skills:
 - Level 3.0 Fighting
 - Level 9.4(10.0) Short Blades
 - Level 4.9(7.8) Long Blades
 - Level 3.0 Dodging
 - Level 2.0 Stealth
 + Level 6.6 Invocations


You had 8 spell levels left.
You didn't know any spells.
Your spell library contained the following spells:

 Spells                   Type           Power      Damage    Failure   Level
 Cigotuvi's Dreadful Rot  Necr/Pois/Air  0%         N/A       77%         2
 Dispel Undead            Necr           0%         3d6       100%        4
 Death Channel            Necr           0%         N/A       100%        6


Dungeon Overview and Level Annotations

Branches:
Dungeon (7/15)             Temple (1/1) D:6           Sewer (visited)

Altars:
Ashenzari
Cheibriados
Elyvilon
Fedhas
Gozag
Hepliaklqana
Kikubaaqudgha
Makhleb
Nemelex Xobeh
Okawaru
Qazlal
Ru
Sif Muna
Trog
Uskayaw
Vehumet
Wu Jian
Zin
The Shining One

Annotations:
D:4 2 runed translucent doors, oneeeeegina's ghost, amateur DjNe
D:6 2 runed translucent doors


Message History

You hit the wight but do no damage.
The wight is heavily damaged.
The wight hits you with a +0 long sword.
You feel drained.
You closely miss the wight.
The wight is heavily damaged.
The wight closely misses you.
You closely miss the wight.
The wight is heavily damaged.
You barely miss the wight.
The wight is heavily damaged.
The wight hits you with a +0 long sword!
You hit the wight.
The wight is almost destroyed.
The wight hits you but does no damage.
You hit the wight but do no damage.
The wight is almost destroyed.
The wight barely misses you.
You closely miss the wight.
The wight is almost destroyed.
The wight hits you with a +0 long sword.
You feel drained.
You hit the wight but do no damage.
The wight is almost destroyed.
The wight barely misses you.
You hit the wight but do no damage.
The wight is almost destroyed.
The wight hits you with a +0 long sword.
* * * LOW HITPOINT WARNING * * *
You hit the wight but do no damage.
The wight is almost destroyed.
The wight hits you with a +0 long sword!
* * * LOW HITPOINT WARNING * * *
You feel drained.
* * * LOW HITPOINT WARNING * * *
Press: ? - help, Dir - move target, f - wight Heal: a wight, wielding a +0 long sword and wearing a +0 robe (almost destroyed, chance to pacify: 58%)
The light of Elyvilon fails to reach the wight.
The wight hits you with a +0 long sword.
You die...

#.........<..## # .
##............# #
.. ##............##
##
..###.............#
##.
.................##
#.. #.............#
#.. #.........?.##
#... #..#.......##
#... ##@###.....#
#.... #z# ####.##
###.. ... ### ###
..... # .......
.........
#).........
#..........#


You could see a wight.

Vanquished Creatures
  2 steam dragons
  A water moccasin (D:5)
  An orc warrior (D:6)
  An ice beast (D:5)
  A sky beast (D:7)
  An ogre (D:6)
  2 phantoms (D:5)
  A bullfrog (D:7)
  2 necrophages (D:5)
  2 scorpions (D:5)
  A howler monkey (D:7)
  A jelly (D:5)
  5 hounds
  5 iguanas
  7 orc wizards
  8 adders
  3 river rats (Sewer)
  2 shadow imps (D:4)
  An ufetubus (D:5)
  2 worms
  4 dart slugs
  14 orcs
  4 ball pythons
  5 giant cockroaches
  15 goblins
  4 hobgoblins
  8 quokkas
  5 bats (D:1)
  8 frilled lizards
  3 kobolds
  9 rats
128 creatures vanquished.

Vanquished Creatures (collateral kills)
  2 wights (D:6)
2 creatures vanquished.

Grand Total: 130 creatures vanquished

Notes
Turn   | Place    | Note
-------+----------+-------------------------------------------
     0 | D:1      | Lavandula the Human Monk began the quest for the Orb.
     0 | D:1      | Reached XP level 1. HP: 18/18 MP: 1/1
   108 | D:1      | Reached XP level 2. HP: 20/24 MP: 2/2
   266 | D:1      | Reached XP level 3. HP: 29/29 MP: 3/3
   337 | D:1      | Found a faded altar of an unknown god.
  1036 | D:2      | Reached XP level 4. HP: 32/33 MP: 4/4
  1737 | D:3      | Reached skill level 1 in Short Blades
  1810 | D:3      | Reached skill level 2 in Short Blades
  1810 | D:3      | Reached XP level 5. HP: 41/41 MP: 5/5
  2245 | D:4      | Found a runed translucent door.
  2248 | D:4      | Noticed oneeeeegina's ghost (amateur DjNe)
  2251 | D:4      | Noticed a bullfrog
  2259 | D:4      | Reached skill level 3 in Short Blades
  2417 | D:4      | Found a runed translucent door.
  2470 | D:4      | Reached XP level 6. HP: 44/47 MP: 6/6
  2630 | D:5      | Entered Level 5 of the Dungeon
  2679 | D:5      | Reached skill level 4 in Short Blades
  2817 | D:5      | Reached skill level 5 in Short Blades
  2817 | D:5      | Reached XP level 7. HP: 37/52 MP: 7/7
  2822 | D:5      | Noticed a steam dragon
  2838 | D:5      | Noticed a water moccasin
  2926 | D:5      | Found a glowing drain.
  2955 | Sewer    | Entered a sewer
  3150 | Sewer    | Reached skill level 6 in Short Blades
  3473 | D:5      | Reached skill level 7 in Short Blades
  3473 | D:5      | Reached XP level 8. HP: 37/58 MP: 8/8
  3901 | D:5      | Reached skill level 8 in Short Blades
  4056 | D:5      | Found an ancient bone altar of Kikubaaqudgha.
  4177 | D:5      | Reached skill level 9 in Short Blades
  4751 | D:6      | Found a staircase to the Ecumenical Temple.
  4774 | Temple   | Entered the Ecumenical Temple
  4800 | Temple   | Became a worshipper of Zin the Law-Giver
  4800 | Temple   | Reached * piety under Zin
  4800 | Temple   | Reached ** piety under Zin
  4800 | Temple   | Reached *** piety under Zin
  4845 | Temple   | Fell from the grace of Zin
  4845 | Temple   | Became a worshipper of Elyvilon the Healer
  4845 | Temple   | Reached * piety under Elyvilon
  4917 | D:6      | Reached skill level 1 in Invocations
  4922 | D:6      | Reached XP level 9. HP: 13/63 MP: 8/10
  5162 | D:6      | Found an opulent altar of Gozag.
  5504 | D:6      | Identified the ring of Leej {Str+2 Int+6}
  5581 | D:6      | Reached ** piety under Elyvilon
  5635 | D:6      | Found a runed translucent door.
  5637 | D:6      | Found a runed translucent door.
  5697 | D:6      | Reached skill level 5 in Invocations
  5811 | D:7      | Elyvilon protects you from harm!
  6295 | D:7      | HP: 2/50 [wight/+0 long sword (2)]
  6296 | D:7      | Slain by a wight

Illustrated notes

Levels and vault maps discovered:
D:1:      saegor_arrival_simple_a, layout_loops_ring,
          hellmonk_ecumenical_altar_blasted
D:2:      layout_loops_ring
D:3:      layout_loops_ring, skrybe_limestone_x
D:4:      layout_rooms, ebering_ghost_sewer_f, lemuel_flame_loot_1
D:5:      layout_cave_pools, mainiacjoe_overflow_alcove_2, gup_sewer_entry_pipe
D:6:      lemuel_insect_pit, layout_rooms, mainiacjoe_overflow_surrounded_room,
          temple_statues
D:7:      layout_cave_pods
Temple:   nicolae_temple_bog_church

Skill      XL: |  1  2  3  4  5  6  7  8  9 |
---------------+----------------------------+-----
Long Blades    | 4 |  4.9
Short Blades   | 2 3 5 7 9 |  9.4
Invocations    | 1 6 |  6.6
Fighting       | |  3.0
Dodging        | |  3.0
Stealth        | |  2.0

Action                     |  1- 3 |  4- 6 |  7- 9 || total
---------------------------+-------+-------+-------++-------
  Melee: Falchion          |    92 |    26 |    66 ||   184
         Dagger            |     9 |   165 |   483 ||   657
         Punch             |     1 |     5 |     6 ||    12
  Throw: Dart              |       |       |    11 ||    11
 Invoke: Heal Other        |       |       |     2 ||     2
  Evoke: Wand              |       |       |     5 ||     5
    Use: Scroll            |       |     4 |     7 ||    11
         Potion            |       |       |     4 ||     4
   Stab: Sleeping          |     1 |       |       ||     1
 Armour: Robe              |     5 |       |       ||     5
         Ring mail         |    13 |       |       ||    13
         Scale mail        |    16 |    66 |   200 ||   282
         Plate armour      |     7 |       |       ||     7
         Skin              |       |       |    33 ||    33
  Dodge: Dodged            |    56 |    76 |   175 ||   307

Table legend: (Time is in decaauts)
 A = Elapsed time spent in this place.
 B = Non-inter-level travel time spent in this place.
 C = Inter-level travel time spent in this place.
 D = Time resting spent in this place.
 E = Time spent auto-exploring this place.
 F = Levels seen in this place.
 G = Mean time per level.
                   A        B        C        D        E       F      G
               +--------+--------+--------+--------+--------+-----+--------+
         Total |   6117 |   5780 |    337 |    665 |   3657 |   9 |  679.7 |
       Dungeon |   5671 |   5362 |    309 |    665 |   3381 |   7 |  810.1 |
        Temple |    100 |     72 |     28 |      0 |     48 |   1 |  100.0 |
         Sewer |    344 |    344 |      0 |      0 |    227 |   1 |  344.0 |
               +--------+--------+--------+--------+--------+-----+--------+

Top non-repeatable levels by time:
     D:5: 1425 daAuts
     D:6: 1035 daAuts
     D:1: 788 daAuts
     D:3: 765 daAuts
     D:4: 629 daAuts
     D:2: 565 daAuts
     D:7: 461 daAuts
   Sewer: 344 daAuts
  Temple: 100 daAuts
